 Dungeon Crawl Stone Soup version 0.17-a0-1920-gafa4d75 (webtiles) character file.

140 dpvblackbelt the Jinx (level 5, -2/35 HPs)
             Began as a Vampire Enchanter on Sept 27, 2015.
             Slain by Grinder (5 damage)
             ... while paralysed by Grinder
             ... on level 3 of the Dungeon.
             The game lasted 00:13:23 (5507 turns).

dpvblackbelt the Jinx (Vampire Enchanter)           Turns: 5507, Time: 00:13:23

Health: -2/35      AC:  3    Str:  8      XL:     5   Next: 2%
Magic:  1/8        EV:  2    Int: 18      God:
Gold:   54         SH:  0    Dex: 19 (21) Spells: 3 memorised, 2 levels left

rFire  . . .     SeeInvis +     a - +1 dagger
rCold  + + .     Clarity  .     b - +1 robe
rNeg   + + +     SustAt   .     (no shield)
rPois  +         Gourm    .     (no helmet)
rElec  .         Spirit   .     (no cloak)
rCorr  .         Warding  .     (no gloves)
rMut   .         Stasis   .     (no boots)
MR     .....                    (no amulet)
Stlth  ++++......               (no ring)
                                e - +2 ring of dexterity

@: paralysed, agile, very slightly contaminated, regenerating slowly, hasted,
not resistant to hostile enchantments, stealthy
A: fangs 3, see invisible, unbreathing
a: Bat Form


You were on level 3 of the Dungeon.
You were near bloodless.

You visited 1 branch of the dungeon, and saw 3 of its levels.

You collected 54 gold pieces.

Inventory:

Hand weapons
 a - a +1 dagger (weapon)
 p - a +2 morningstar of distortion
   (You found it on level 2 of the Dungeon)
Missiles
 v - a throwing net {=f, !d}
Armour
 b - a +1 robe (worn)
Jewellery
 e - a +2 ring of dexterity (left hand)
   (You found it on level 1 of the Dungeon)
 l - a cursed ring of loudness {unknown}
   (You found it on level 1 of the Dungeon)
Magical devices
 n - a wand of fireball (9)
   (You took it off Terence on level 3 of the Dungeon)
Scrolls
 d - 3 scrolls of identify {unknown}
 g - a scroll of teleportation {unknown}
 j - a scroll of random uselessness {unknown}
 k - 2 scrolls of remove curse {unknown}
 t - a scroll of noise {unknown}
 u - a scroll of magic mapping {unknown}
Potions
 h - 2 potions of flight
 i - a potion of brilliance
 r - a potion of cancellation
Books
 c - a book of Maledictions


   Skills:
 - Level 1.1 Short Blades
 - Level 2.1 Dodging
 - Level 4.4 Stealth
 - Level 2.0 Spellcasting
 - Level 8.2 Hexes
 + Level 0.6 Ice Magic


You had 2 spell levels left.
You knew the following spells:

 Your Spells              Type           Power        Failure   Level  Hunger
a - Ensorcelled Hibernat  Hex/Ice        ###...       6%          2    ###....
b - Dazzling Spray        Conj/Hex       ###.....     12%         3    ###....
v - Corona                Hex            ####...      1%          1    #......


Dungeon Overview and Level Annotations

Branches:
Dungeon (3/15)

Altars:

Annotations:
D:3 Grinder


Innate Abilities, Weirdness & Mutations

You heal slowly.
You have razor-sharp teeth.
You have supernaturally acute eyesight.
You can survive without breathing.


Message History

Grinder comes into view.
You start resting.
Health restored: 30 You start waiting.
Done waiting.
You start waiting.
An adder comes into view.
Unknown command.
Aim: an adder (hasn't noticed you, chance to defeat MR: 54%)
The adder looks drowsy...
You now have 5/7 mp.
The helpless adder fails to defend itself.
You bite the adder, and draw its blood!
You feel slightly less thirsty.
You impale the adder!!
You kill the adder!
You have reached level 5!
You feel clever.
Health restored: 35 You start resting.
MP restored: 8 You start waiting.
Done waiting.
Unknown command.
You start waiting.
You feel almost devoid of blood!
Really walk into a travel-excluded area?
The helpless Grinder fails to defend himself.
You impale Grinder!! Grinder hits you.
You take 6 damage, and have 29/35 hp.
Here: Grinder (heavily wounded)
The floor.
You can't see any susceptible monsters within range! (Use Z to cast anyway.) Unknown command.
Okay, then.
You can't see any susceptible monsters within range! (Use Z to cast anyway.) Unknown command.
Aim: Grinder (heavily wounded)
The spray of energy misses Grinder.
Grinder gestures at you. Pain shoots through your body!
You take 11 damage, and have 18/35 hp.
MASSIVE DAMAGE!!
You now have 5/8 mp.
Aim: Grinder (heavily wounded)
The spray of energy misses Grinder.
Grinder hits you!
You take 7 damage, and have 11/35 hp.
You now have 2/8 mp.
Okay, then.
Drink which item? (? for menu, Esc to quit)
It was a potion of degeneration.
There was something very wrong with that liquid.
You feel clumsy. Grinder completely misses you.
Drink which item? (? for menu, Esc to quit)
It was a potion of cure mutation.
It has a very clean taste.
Grinder barely misses you.
Drink which item? (? for menu, Esc to quit)
It was a potion of heal wounds.
You feel much better. Grinder gestures at you.
You suddenly lose the ability to move!
Grinder gestures.
Grinder blinks!
Grinder gestures at you. You resist with significant effort.
Grinder gestures at you.
You shrug off the repeated paralysis!
Grinder completely misses you.
You can move again.
You regained 22 hp, and now have 33/35 hp.
Aim: Grinder (heavily wounded)
The spray of energy hits Grinder.
Grinder hits you!
You take 9 damage, and have 24/35 hp.
MASSIVE DAMAGE!!
You now have 0/8 mp.
You hit Grinder.
Grinder gestures.
Grinder blinks!
A jackal comes into view.
Grinder barely misses you.
You hit Grinder but do no damage. Your bite misses Grinder.
Grinder hits you but does no damage.
You hit Grinder. Grinder hits you.
You take 6 damage, and have 18/35 hp.
You hit Grinder but do no damage. Grinder hits you.
You take 6 damage, and have 12/35 hp.
Drink which item? (? for menu, Esc to quit)
It was a potion of agility.
You feel agile all of a sudden. Grinder completely misses you.
Drink which item? (? for menu, Esc to quit)
It was a potion of haste.
You feel yourself speed up. Grinder gestures at you.
You suddenly lose the ability to move!
You are very lightly contaminated with residual magic.
Grinder gestures at you. Pain shoots through your body!
* * * LOW HITPOINT WARNING * * *
Grinder hits you but does no damage. x2
A jackal comes into view.
The jackal moves out of view.
Grinder hits you.
You die...

##........#
#........#
#........#
#....#####
##...# #...#
##..#
#..##########
#.>..@5h.....
#.##########.
#.# #.# #.#
#.# #.


You could see Grinder and a jackal.

Vanquished Creatures
  Terence (D:3)
  2 adders
  4 gnolls (D:3)
  A worm (D:1)
  A ball python (D:2)
  2 giant cockroaches
  3 hobgoblins
  7 kobolds
  12 bats
  A giant gecko (D:3)
  3 giant newts
  8 goblins
  8 jackals
  6 rats
59 creatures vanquished.

Notes
Turn   | Place    | Note
--------------------------------------------------------------
     0 | D:1      | dpvblackbelt the Vampire Enchanter began the quest for the Orb.
     0 | D:1      | Reached XP level 1. HP: 13/13 MP: 3/3
  2043 | D:1      | Reached skill level 5 in Hexes
  2048 | D:1      | Reached XP level 2. HP: 16/19 MP: 5/5
  2057 | D:1      | Learned a level 2 spell: Ensorcelled Hibernation
  2368 | D:1      | Reached skill level 6 in Hexes
  2580 | D:1      | Reached XP level 3. HP: 22/24 MP: 6/6
  4237 | D:3      | Reached skill level 7 in Hexes
  4357 | D:3      | Reached XP level 4. HP: 30/30 MP: 4/7
  4362 | D:3      | Learned a level 3 spell: Dazzling Spray
  4421 | D:3      | Noticed Terence
  4430 | D:3      | HP: 6/30 [gnoll/whip (2)]
  4436 | D:3      | HP: 1/30 [gnoll/whip (7)]
  4445 | D:3      | HP: 1/30 [gnoll/whip (5)]
  4934 | D:3      | Killed Terence
  4934 | D:3      | Reached skill level 8 in Hexes
  5178 | D:3      | Noticed Grinder
  5321 | D:3      | Reached XP level 5. HP: 35/35 MP: 5/8
  5490 | D:3      | Paralysed by Grinder for 5 turns
  5503 | D:3      | Paralysed by Grinder for 7 turns
  5504 | D:3      | HP: 2/35 [Grinder/nerve-wracking pain (10)]
  5507 | D:3      | Slain by Grinder

Vault maps used:
D:1:      lightli_arrival_boilingwater, kennysheep_flooded_box
D:2:      minmay_misc_feat_x, st_stairs_9
D:3:      first_bread, uniq_jessica, uniq_grinder, uniq_terence, uniq_sigmund

Action                   |  1- 3 |  4- 6 || total
-------------------------+-------+-------++-------
Melee: Dagger            |   136 |    48 ||   184
 Cast: Ensorcelled Hiber |    13 |     9 ||    22
       Dazzling Spray    |       |     4 ||     4
  Use: Potion            |     3 |    10 ||    13
 Stab: Sleeping          |    20 |     5 ||    25
       Distracted        |     1 |       ||     1

Vault maps used:
D:1:      lightli_arrival_boilingwater, kennysheep_flooded_box
D:2:      minmay_misc_feat_x, st_stairs_9
D:3:      first_bread, uniq_jessica, uniq_grinder, uniq_terence, uniq_sigmund

Table legend:
 A = Turns spent in this place as a percentage of turns spent in the entire game.
 B = Non-inter-level travel turns spent in this place as a percentage of non-inter-level travel turns spent in the entire game.
 C = Inter-level travel turns spent in this place as a percentage of turns spent in this place.
 D = Turns resting spent in this place as a percentage of non-inter-level travel turns spent in this place.
 E = Turns spent auto-exploring this place as a percentage of non-inter-level travel turns spent in this place.
 F = Non-inter-level travel turns spent in this place divided by the number of levels of this place that you've seen.
                   A       B       C       D       E      F
               +-------+-------+-------+-------+-------+----------------------
         Total | 100.0 | 100.0 |   0.3 |   6.8 |   7.6 | 299.0
       Dungeon | 100.0 | 100.0 |   0.3 |   6.8 |   7.6 | 299.0
               +-------+-------+-------+-------+-------+----------------------

Table legend:
 A = Kills in this place as a percentage of kills in entire the game.
 B = Kills by you in this place as a percentage of kills by you in the entire game.
 C = Kills by friends in this place as a percentage of kills by friends in the entire game.
 D = Other kills in this place as a percentage of other kills in the entire game.
 E = Experience gained in this place as a percentage of experience gained in the entire game.
 F = Experience gained in this place divided by the number of levels of this place that you have seen.
                   A       B       C       D       E      F
               +-------+-------+-------+-------+-------+----------------------
         Total | 100.0 | 100.0 |  -nan |  -nan | 100.0 |  67.0
       Dungeon | 100.0 | 100.0 |  -nan |  -nan | 100.0 |  67.0
               +-------+-------+-------+-------+-------+----------------------
